 Dungeon Crawl Stone Soup version 0.26.1-11-gd32895ea62 (webtiles) character file.

Game seed: 8438932049202912632

44 Descartes the Scratcher (level 3, -1/15 HPs)
             Began as a Felid Wanderer on June 22, 2021.
             Killed by nerve-wracking pain
             ... invoked by Grinder
              (13 damage)
             ... on level 3 of the Dungeon.
             The game lasted 00:04:18 (2686 turns).

Descartes the Scratcher (Felid Wanderer)            Turns: 2686, Time: 00:04:20

Health: -1/15      AC:  1    Str:  8    XL:     3   Next: 41%
Magic:  0/5        EV: 18    Int: 14    God:
Gold:   127        SH:  0    Dex: 15    Spells: 3/4 levels left
                                        Lives:  0   Deaths: 1

rFire    . . .     SeeInvis +     - Unarmed
rCold    . . .     Faith    .   (shield unavailable)
rNeg     . . .     Spirit   .   (armour unavailable)
rPois    .         Reflect  .   (helmet unavailable)
rElec    .         Harm     .   (cloak unavailable)
rCorr    .         Rampage  .   (gloves unavailable)
Will     .....                  (boots unavailable)
Stlth    +++.......             (no amulet)
HPRegen  0.05/turn              (no ring)
MPRegen  0.09/turn              (no ring)

@: very slightly contaminated, quick
A: very small, no armour, no weapons or thrown items, stealth, claws 1, fangs 3,
see invisible, speed 1, shaggy fur 1, sharp paws
a: no special abilities


You were on level 3 of the Dungeon.
You visited 1 branch of the dungeon, and saw 3 of its levels.

You collected 127 gold pieces.

Inventory:

Missiles
 f - 83 stones
Potions
 a - 2 potions of haste
 g - a potion of heal wounds
 h - a potion of invisibility
 j - a potion of magic
 l - a potion of curing {unknown}
 m - a potion of lignification


   Skills:
 - Level 1.0 Fighting
 + Level 3.4 Dodging
 + Level 3.7 Stealth
 + Level 3.8 Unarmed Combat
 - Level 1.0 Spellcasting
 - Level 3.0 Hexes
 - Level 1.1 Evocations


You had 3 spell levels left.
You knew the following spells:

 Your Spells              Type           Power        Failure   Level
a - Summon Small Mammal   Summ           0%           26%         1

Your spell library contained the following spells:

 Spells                   Type           Power        Failure   Level
 Call Canine Familiar     Summ           0%           61%         3


Dungeon Overview and Level Annotations

Branches:
Dungeon (3/15)

Altars:

Annotations:
D:3 Grinder


Innate Abilities, Weirdness & Mutations

You cannot wear armour.
You are incapable of wielding weapons or throwing items.
Your paws allow you to move quietly. (Stealth)
You have sharp claws.
You have razor-sharp teeth.
You have supernaturally acute eyesight. (SInv)
You cover ground quickly.
You are covered in fur. (AC +1)
Your sharp claws are effective at attacking unaware monsters.


Message History

Your bat's corpse disappears in a puff of smoke!
Your rat bites Grinder but does no damage.
Your rat closely misses Grinder.
You scratch Grinder but do no damage. Grinder gestures at you.
Pain shoots through your body!
You scratch Grinder.
Grinder is lightly wounded.
Your rat bites Grinder but does no damage.
Grinder completely misses you.
You barely miss Grinder.
Grinder is lightly wounded.
Your rat bites Grinder.
Grinder closely misses you.
You barely miss Grinder.
Grinder is lightly wounded.
Your rat bites Grinder.
Grinder gestures at you. Pain shoots through your body!
Ouch! That really hurt!
You die...

..# #.# #.. #.# #.#
#.# #.# ##### ####.#
#.# #... ..##.# #.#
##.## #.##†#
#.###r).##
#.##.#####.##).5@.##
................†..#
#..........##.....##
.....#########..†##
###### ##.## ###


You could see Grinder and a friendly rat (summoned).

Vanquished Creatures
  2 adders
  An ooze (D:2)
  2 worms (D:2)
  2 dart slugs (D:1)
  2 leopard geckos (D:2)
  3 giant cockroaches
  7 goblins
  4 hobgoblins
  5 jackals
  3 quokkas
  6 bats
  4 frilled lizards (D:2)
  3 kobolds (D:1)
  8 rats
52 creatures vanquished.

Vanquished Creatures (collateral kills)
  An ooze (D:1)
  2 bats
  A frilled lizard (D:1)
  A kobold (D:1)
  A rat (D:1)
6 creatures vanquished.

Grand Total: 58 creatures vanquished

Notes
Turn   | Place    | Note
-------+----------+-------------------------------------------
     0 | D:1      | Descartes the Felid Wanderer began the quest for the Orb.
     0 | D:1      | Descartes set off with the following items: 2 potions of
                  | haste; and the following spell memorised: Summon Small
                  | Mammal; and the following spells available to memorise:
                  | Call Canine Familiar
     0 | D:1      | Reached XP level 1. HP: 9/9 MP: 3/3
   233 | D:1      | Reached XP level 2. HP: 7/12 MP: 2/4
  1055 | D:1      | Reached XP level 3. HP: 15/15 MP: 2/5
  1863 | D:2      | Reached XP level 4. HP: 19/19 MP: 6/6
  2574 | D:3      | Noticed Grinder
  2616 | D:2      | Slain by a leopard gecko
  2617 | D:2      | Reached XP level 3. HP: -1/15 MP: 1/5
  2686 | D:3      | Killed from afar by Grinder

Illustrated notes

Levels and vault maps discovered:
D:1:      scummos_arrival_checkerplants, layout_basic,
          chequers_serial_rivers_small_3
D:2:      layout_loops_ring, serial_co_window_serial, co_window_corner_a,
          co_window_of_opportunity_a, co_window_paths_a, co_window_paths_b,
          co_window_paths_b, co_window_2corner, co_window_broadway_b,
          co_window_unsneaky_path_d, co_window_broadway_b, co_window_corner_b,
          co_window_4corner_b, glass_columns_b
D:3:      layout_loops_ring, uniq_sigmund, uniq_grinder

Skill      XL: |  1  2  3 |
---------------+----------+-----
Dodging        | 2 3 |  3.4
Stealth        | 2 3 |  3.7
Fighting       | |  1.0
Unarmed Combat | |  3.8
Spellcasting   | |  1.0
Hexes          | |  3.0
Evocations     | |  1.1

Action                   |  1- 3 |  4- 6 || total
-------------------------+-------+-------++-------
Melee: Unarmed           |   114 |    37 ||   151
       Bite              |     5 |     2 ||     7
       Punch             |     1 |       ||     1
 Cast: Summon Small Mamm |    26 |     5 ||    31
  Use: Scroll            |     9 |       ||     9
 Stab: Sleeping          |    14 |     5 ||    19
       Distracted        |     1 |       ||     1
Armor: Skin              |     8 |     2 ||    10
Dodge: Dodged            |   108 |    35 ||   143
